 Dungeon Crawl Stone Soup version 0.20-a0-522-g0b37eee (webtiles) character file.

128 Kaname the Vexing (level 4, 0/30 HPs)
             Began as a Demonspawn Enchanter on Jan 26, 2017.
             Shot with a stone by a goblin (6 damage)
             ... led by Robin
             ... on level 2 of the Dungeon.
             The game lasted 00:08:29 (2950 turns).

Kaname the Vexing (Demonspawn Enchanter)            Turns: 2950, Time: 00:08:30

Health: 0/30       AC:  3    Str:  9    XL:     4   Next: 87%
Magic:  1/7        EV: 12    Int: 17    God:
Gold:   119        SH:  0    Dex: 13    Spells: 1/7 levels left

rFire    . . .     SeeInvis .   a - +1 dagger
rCold    . . .     Gourm    .   b - +0 robe
rNeg     . . .     Faith    .   (no shield)
rPois    .         Spirit   .   q - +0 helmet
rElec    .         Reflect  .   (no cloak)
rCorr    .         Harm     .   (no gloves)
MR       .....                  (no boots)
Stlth    ++........             (no amulet)
Regen    0.1/turn               (no ring)
                                (no ring)

@: no status effects
A: spiny 1, rot immunity
a: no special abilities


You were on level 2 of the Dungeon.
You were very hungry.

You visited 1 branch of the dungeon, and saw 2 of its levels.

You collected 119 gold pieces.

Inventory:

Hand Weapons
 a - a +1 dagger (weapon)
Armour
 b - a +0 robe (worn)
 q - a +0 helmet (worn)
Scrolls
 e - a scroll of noise {unknown}
 g - 2 scrolls of remove curse {unknown}
 h - a scroll of magic mapping {unknown}
 i - a scroll of identify {unknown}
 n - a scroll of recharging {unknown}
 o - a scroll of teleportation {unknown}
Potions
 l - a potion of brilliance {unknown}
 m - 2 potions of haste
 p - 2 potions of heal wounds
Books
 c - a book of Maledictions

   Spells                             Type                      Level
   a - Corona                         Hexes                        1
   b - Ensorcelled Hibernation        Hexes/Ice                    2
   c - Confuse                        Hexes                        3
   d - Tukima's Dance                 Hexes                        3
   e - Dazzling Spray                 Conjuration/Hexes            3
Comestibles
 d - a bread ration
 f - 4 fruits
 j - 2 royal jellies
 k - a meat ration


   Skills:
 - Level 2.0 Short Blades
 - Level 1.7 Dodging
 - Level 3.0 Stealth
 - Level 2.0 Spellcasting
 - Level 5.0 Hexes
 + Level 0.3 Ice Magic


You had one spell level left.
You knew the following spells:

 Your Spells              Type           Power        Failure   Level  Hunger
a - Corona                Hex            ###....      2%          1    #......
b - Ensorcelled Hibernat  Hex/Ice        ##....       12%         2    ###....
c - Tukima's Dance        Hex            ###.....     10%         3    ###....


Dungeon Overview and Level Annotations

Branches:
Dungeon (2/15)

Altars:


Innate Abilities, Weirdness & Mutations

You are partially covered in sharp spines.
You are immune to rotting.


Message History

* * * LOW HITPOINT WARNING * * *
You completely miss the goblin.
The goblin is heavily wounded.
You see here 13 stones.
The goblin shouts!
You hear a shout!
You see here 13 stones.
Your magical contamination has completely faded away.
Casting: Ensorcelled Hibernation
Confirm with . or Enter, or press ? or * to list all spells.
Aiming: Ensorcelled Hibernation
Press: ? - help, Shift-Dir - straight line, f/p - goblin
Aim: a goblin, wielding a club (moderately wounded, chance to defeat MR: 59%)
The goblin looks drowsy...
The helpless goblin fails to defend itself.
You puncture the goblin!
You kill the goblin!
The goblin wields a hunting sling.
The goblin shoots a stone.
The stone closely misses you.
The goblin shoots a stone.
The stone hits you.
You die...

##..............##
#................# #.
#.............)..# #.##
#......).........# ...
#................# . ..###
#.(............>(###.. #...##
#..................... #... .
.##.................(.#.###.##g
.........#....@...#####[.....).
.##.....##.####.### #####(##.
#####..#.####g### #.##.
########....g.....## #g##g
#..........#.......##### #....
#.......#.#######..)<)†# ###..
#......##.# ##.###.# ##..
#########.# #..##.#####g.. #..#
##...g#..)...#


You could see a goblin.

Vanquished Creatures
  Robin (D:2)
  3 adders (D:2)
  2 dart slugs (D:1)
  2 leopard geckos
  A giant cockroach (D:1)
  10 goblins
  14 hobgoblins
  14 jackals
  10 bats
  5 frilled lizards (D:1)
  7 kobolds
  8 rats
77 creatures vanquished.

Notes
Turn   | Place    | Note
-------+----------+-------------------------------------------
     0 | D:1      | Kaname the Demonspawn Enchanter began the quest for the Orb.
     0 | D:1      | Reached XP level 1. HP: 13/13 MP: 3/3
    18 | D:1      | Reached skill level 1 in Short Blades
   333 | D:1      | Gained mutation: You are immune to rotting. [demonic ancestry]
   333 | D:1      | Reached XP level 2. HP: 13/19 MP: 5/5
   337 | D:1      | Learned a level 2 spell: Ensorcelled Hibernation
  1298 | D:1      | Reached XP level 3. HP: 22/24 MP: 4/6
  1303 | D:1      | Learned a level 3 spell: Tukima's Dance
  1926 | D:1      | Reached skill level 4 in Hexes
  2638 | D:2      | Gained mutation: You are partially covered in sharp spines. [demonic ancestry]
  2638 | D:2      | Reached XP level 4. HP: 30/30 MP: 2/7
  2862 | D:2      | Noticed Robin
  2886 | D:2      | Killed Robin
  2897 | D:2      | Reached skill level 5 in Hexes
  2950 | D:2      | Shot with a stone by a goblin

Vault maps used:
D:1:      saegor_arrival_simple_f
D:2:      uniq_robin

Skill      XL: |  1  2  3  4 |
---------------+-------------+-----
Short Blades   | 1 2 |  2.0
Stealth        | 3 |  3.0
Hexes          | 4 5 |  5.0
Dodging        | |  1.7
Spellcasting   | |  2.0
Ice Magic      | |  0.3

Action                   |  1- 3 |  4- 6 || total
-------------------------+-------+-------++-------
Melee: Dagger            |   248 |    48 ||   296
 Cast: Corona            |    12 |       ||    12
       Ensorcelled Hiber |    12 |     6 ||    18
  Use: Potion            |     3 |       ||     3
 Stab: Sleeping          |     5 |     5 ||    10
  Eat: Chunk             |     5 |     2 ||     7
Armor: Robe              |    52 |     6 ||    58
Dodge: Dodged            |   183 |    24 ||   207
